 Dungeon Crawl Stone Soup version 0.19.1-1-g22dce08 (webtiles) character file.

415 dngmouse the Chopper (level 6, -3/85 HPs)
             Began as a Hill Orc Fighter on Jan 15, 2017.
             Slain by an ogre
             ... wielding a cursed -1 giant club
              (21 damage)
             ... on level 4 of the Dungeon.
             The game lasted 00:09:59 (3622 turns).

dngmouse the Chopper (Hill Orc Fighter)             Turns: 3622, Time: 00:10:00

Health: -3/85      AC: 10    Str: 26    XL:     6   Next: 92%
Magic:  6/6        EV:  7    Int:  8    God:
Gold:   115        SH:  9    Dex: 10    Spells: 0 memorised, 5 levels left

rFire  . . .     SeeInvis .     a - +0 war axe
rCold  + . .     Gourm    .     b - +0 scale mail
rNeg   . . .     Faith    .     c - +0 shield
rPois  .         Spirit   .     s - +2 helmet
rElec  .         Reflect  .     (no cloak)
rCorr  .         Harm     .     (no gloves)
MR     .....                    (no boots)
Stlth  ..........               x - amulet of rage
                                e - ring of protection from cold
                                k - ring of loudness (curse)

@: berserking, very quick
A: no striking features
a: Convert to Beogh, Evoke Berserk Rage


You were on level 4 of the Dungeon.
You were very hungry.

You visited 1 branch of the dungeon, and saw 4 of its levels.

You collected 115 gold pieces.

Inventory:

Hand Weapons
 a - a +0 war axe (weapon)
Missiles
 h - 2 javelins (quivered)
Armour
 b - a +0 scale mail (worn)
 c - a +0 shield (worn)
 s - a +2 helmet (worn)
Jewellery
 e - a ring of protection from cold (right hand)
 k - a cursed ring of loudness (left hand)
 x - an amulet of rage (around neck)
Wands
 p - a wand of lightning (3/15)
 w - a wand of paralysis (12/24)
Scrolls
 g - 2 scrolls of identify {unknown}
 l - 2 scrolls of enchant armour {unknown}
 n - a scroll of magic mapping {unknown}
 t - 3 scrolls of remove curse {unknown}
 u - a scroll of random uselessness {unknown}
 v - a scroll of immolation {unknown}
Potions
 d - 2 potions of might
 m - a potion of flight
 o - a potion of degeneration
 q - a potion of heal wounds
 z - a potion of curing {unknown}
Comestibles
 f - 4 bread rations
 i - a royal jelly
 j - a beef jerky
 r - 5 chunks of flesh


   Skills:
 + Level 6.0 Fighting
 * Level 7.8 Axes
 - Level 3.2 Armour
 - Level 3.2 Shields


You had 5 spell levels left.
You didn't know any spells.

Dungeon Overview and Level Annotations

Branches:
Dungeon (4/15)
 Temple: D:4-7

Altars:


Message History

You fail to use your ability.
You block the ogre's attack.
You fail to use your ability.
The ogre hits you with a giant club!
* * * LOW HITPOINT WARNING * * *
You are too injured to fight recklessly!
You fail to use your ability.
You block the ogre's attack.
You fail to use your ability.
You fail to use your ability.
The ogre hits you with a giant club.
* * * LOW HITPOINT WARNING * * *
You fail to use your ability.
You block the ogre's attack.
A red film seems to cover your vision as you go berserk!
You feel yourself moving faster!
You feel mighty!
You are feeling very hungry.
The ogre closely misses you.
You slash the ogre!
The ogre is moderately wounded.
The orc priest miscasts a cantrip.
You slash the ogre!
The ogre is severely wounded.
The ogre hits you with a giant club!!
You die...

... ... . #.# .# #.#
##+## .# #.# ##...## ##.
.# #.###.....## ...
.###.##.......## ..##
.....#.........###o...#.
.....'.....(...'@Ooo....
..####.........###o...##
.## ##.......## ..... .#
##.....## #.## .#
##...## # .# ##+## .#
#.# .# #.#
.#########.###


You could see an ogre, an orc priest and 3 orcs.

Vanquished Creatures
  The ghost of nikopol the Skirmisher, an amateur GrBe of Trog (D:3)
  A sky beast (D:4)
  Ijyb (D:2)
  A worker ant (D:4)
  Robin (D:3)
  A gnoll (D:1)
  5 adders
  2 worms
  A dart slug (D:2)
  3 leopard geckos
  2 orcs
  6 bats
  2 giant cockroaches
  15 goblins
  14 hobgoblins
  3 quokkas
  3 ball pythons (D:3)
  4 frilled lizards (D:1)
  8 kobolds
  13 rats
87 creatures vanquished.

Notes
Turn   | Place    | Note
-------+----------+-------------------------------------------
     0 | D:1      | dngmouse the Hill Orc Fighter began the quest for the Orb.
     0 | D:1      | Reached XP level 1. HP: 19/19 MP: 1/1
   135 | D:1      | HP: 1/20 [gnoll (3)]
   136 | D:1      | Reached skill level 3 in Axes
   136 | D:1      | Reached XP level 2. HP: 2/27 MP: 2/2
   411 | D:1      | Reached XP level 3. HP: 21/33 MP: 3/3
   480 | D:1      | Reached skill level 4 in Axes
  1582 | D:2      | Reached XP level 4. HP: 41/41 MP: 4/4
  1707 | D:2      | Reached skill level 5 in Axes
  1822 | D:2      | Noticed Ijyb
  2057 | D:2      | Killed Ijyb
  2272 | D:3      | Noticed nikopol's ghost (amateur GrBe)
  2296 | D:3      | Reached XP level 5. HP: 9/47 MP: 5/5
  2298 | D:3      | Killed nikopol's ghost
  2298 | D:3      | Reached skill level 5 in Fighting
  2298 | D:3      | Reached skill level 6 in Axes
  2298 | D:3      | Reached XP level 6. HP: 5/56 MP: 6/6
  2899 | D:3      | Noticed Robin
  2917 | D:3      | Killed Robin
  2917 | D:3      | Reached skill level 7 in Axes
  3211 | D:4      | Noticed a sky beast
  3239 | D:4      | Killed a sky beast
  3622 | D:4      | Slain by an ogre

Skill      XL: |  1  2  3  4  5  6 |
---------------+-------------------+-----
Fighting       | 4 5 6 |  6.0
Axes           | 3 4 5 6 7 |  7.8
Armour         | |  3.2
Shields        | |  3.2

Action                   |  1- 3 |  4- 6 || total
-------------------------+-------+-------++-------
Melee: War axe           |   142 |   173 ||   315
 Abil: Evoke Berserk Rag |       |     1 ||     1
  Use: Potion            |       |     6 ||     6
  Eat: Chunk             |     2 |     7 ||     9
Armor: Scale mail        |    69 |    79 ||   148
Dodge: Dodged            |    62 |    54 ||   116
Block: Shield            |    76 |    86 ||   162
